 Dungeon Crawl Stone Soup version 0.23-a0-32-g1388f29 (webtiles) character file.

652 mopl the Firebug (level 7, -2/54 HPs)
             Began as a Tengu Fire Elementalist on Aug 4, 2018.
             Slain by a centaur (5 damage)
             ... on level 5 of the Dungeon.
             The game lasted 00:09:06 (4185 turns).

mopl the Firebug (Tengu Fire Elementalist)          Turns: 4185, Time: 00:09:07

Health: -2/54      AC: 24    Str:  8    XL:     7   Next: 54%
Magic:  0/13       EV:  2    Int: 18    God:
Gold:   265        SH:  0    Dex: 14    Spells: 2/13 levels left

rFire    . . .     SeeInvis .   h - +0 short sword (freeze)
rCold    . . .     Gourm    .   (no shield)
rNeg     + + +     Faith    .   (armour currently unavailable)
rPois    +         Spirit   .   (helmet currently unavailable)
rElec    .         Reflect  .   (cloak currently unavailable)
rCorr    .         Harm     .   (gloves currently unavailable)
MR       .....     NoTele   +   (boots unavailable)
Stlth    ++........             (no amulet)
HPRegen  0.18/turn              r - ring of poison resistance
MPRegen  0.13/turn              v - +1 ring of protection

@: tree-form
A: able to fly 1
a: Fly


You were on level 5 of the Dungeon.
You were hungry.
You were a tree.
You visited 1 branch of the dungeon, and saw 5 of its levels.

You collected 265 gold pieces.

Inventory:

Hand Weapons
 h - a +0 short sword of freezing (weapon)
Missiles
 k - 3 tomahawks (quivered)
 u - 15 poisoned needles
 w - 4 needles of confusion
Armour
 e - a +2 animal skin (melded)
 p - a +2 hat (melded)
Jewellery
 r - a ring of poison resistance (left branch)
 t - an uncursed ring of resist corrosion
 v - a +1 ring of protection (right branch)
Scrolls
 a - a scroll of blinking {unknown}
 f - a scroll of teleportation {unknown}
 i - 4 scrolls of magic mapping {unknown}
 j - 2 scrolls of amnesia {unknown}
 m - 4 scrolls of remove curse {unknown}
 x - a scroll of noise {unknown}
 y - a scroll of enchant weapon {unknown}
Potions
 g - a potion of brilliance
 n - a potion of resistance
 o - a potion of haste {unknown}
 q - a potion of degeneration {unknown}
 s - a potion of berserk rage {unknown}
Comestibles
 b - a chunk of flesh
 c - 9 rations


   Skills:
 - Level 2.1 Dodging
 - Level 2.0 Stealth
 + Level 3.9 Spellcasting
 * Level 5.8 Conjurations
 * Level 6.7 Fire Magic


You had 2 spell levels left.
You knew the following spells:

 Your Spells              Type           Power        Failure   Level  Hunger
a - Flame Tongue          Conj/Fire      ####.        1%          1    None
c - Conjure Flame         Conj/Fire      ####....     3%          3    ###....
d - Sticky Flame          Conj/Fire      ####....     11%         4    ####...
h - Inner Flame           Hex/Fire       ###.....     11%         3    ###....

Your spell library contained the following spells:

 Spells                   Type           Power        Failure   Level  Hunger
 Fireball                 Conj/Fire      ####......   30%         5    ######.
 Throw Flame              Conj/Fire      ####..       1%          2    ##.....


Dungeon Overview and Level Annotations

Branches:
Dungeon (5/15)
 Temple: D:4-7

Altars:
The Shining One


Innate Abilities, Weirdness & Mutations

((You have a beak for a mouth.))
((You have claws for feet.))
You can fly.


Message History

The centaur hits you but does no damage. x2
Unknown command.
You barely miss the centaur.
The centaur is severely wounded.
The centaur hits you.
* * * LOW HITPOINT WARNING * * *
You hit the centaur but do no damage.
The centaur is severely wounded.
The centaur hits you but does no damage.
The centaur hits you.
* * * LOW HITPOINT WARNING * * *
You barely miss the centaur.
The centaur is severely wounded.
The centaur hits you.
* * * LOW HITPOINT WARNING * * *
The centaur hits you but does no damage.
You barely miss the centaur.
The centaur is heavily wounded.
The centaur hits you.
You die...

.#.#...####.#....####.
##...#
..#...........#.##..
##.###
#..#..###........##.#
#...#
...........##.########...#
.........................#
.##.................##...#
#.................##...#
#........(........##...#
.........♣###############
........?c)# .##.......(#
.........# ...###......#
... ###....# . ....# ....#
....#


You could see a centaur.

Vanquished Creatures
  Menkaure (D:5)
  Blork the orc (D:5)
  An orc priest (D:4)
  A centaur skeleton (D:5)
  A hound (D:5)
  An iguana (D:5)
  2 worker ants
  A worker ant zombie (D:5)
  Robin (D:3)
  7 adders
  6 gnolls
  An ooze (D:3)
  6 worms
  3 dart slugs
  5 leopard geckos
  17 orcs
  3 giant cockroaches
  26 goblins
  6 hobgoblins
  6 jackals
  2 quokkas
  2 ball pythons
  12 bats
  4 frilled lizards
  A jackal skeleton (D:5)
  7 kobolds
  A leopard gecko skeleton (D:5)
  A quokka skeleton (D:5)
  4 rats
130 creatures vanquished.

Notes
Turn   | Place    | Note
-------+----------+-------------------------------------------
     0 | D:1      | mopl the Tengu Fire Elementalist began the quest for the Orb.
     0 | D:1      | Reached XP level 1. HP: 10/10 MP: 4/4
   168 | D:1      | Reached XP level 2. HP: 15/15 MP: 6/6
   257 | D:1      | Reached skill level 4 in Fire Magic
   492 | D:1      | Reached XP level 3. HP: 19/19 MP: 2/7
   499 | D:1      | Learned a level 3 spell: Conjure Flame
   503 | D:1      | Reached skill level 2 in Conjurations
  1182 | D:2      | Reached XP level 4. HP: 24/24 MP: 4/8
  1226 | D:2      | Found a faded altar of an unknown god.
  1377 | D:2      | Reached skill level 5 in Fire Magic
  1616 | D:2      | Learned a level 4 spell: Sticky Flame
  1937 | D:2      | Gained mutation: You can fly. [Tengu growth]
  1937 | D:2      | Reached XP level 5. HP: 22/28 MP: 4/9
  1952 | D:2      | Reached skill level 3 in Conjurations
  2470 | D:3      | Noticed Robin
  2543 | D:3      | Killed Robin
  2903 | D:3      | Reached skill level 3 in Spellcasting
  3191 | D:4      | Reached XP level 6. HP: 32/32 MP: 8/11
  3195 | D:4      | Reached skill level 4 in Conjurations
  3213 | D:4      | Found a glowing golden altar of the Shining One.
  3615 | D:4      | Reached skill level 6 in Fire Magic
  3621 | D:4      | Learned a level 3 spell: Inner Flame
  3805 | D:5      | Entered Level 5 of the Dungeon
  3868 | D:5      | Got an ichor-stained plate armour
  3890 | D:4      | Identified the +2 plate armour of Integrity {rCorr} (You found it on level 5 of the Dungeon)
  3949 | D:5      | Noticed Menkaure
  3966 | D:5      | Killed Menkaure
  3966 | D:5      | Reached skill level 5 in Conjurations
  3966 | D:5      | Reached XP level 7. HP: 36/36 MP: 10/13
  4111 | D:5      | Noticed Blork the orc
  4174 | D:5      | Killed Blork the orc
  4178 | D:5      | HP: 1/54 [centaur (5)]
  4184 | D:5      | HP: 2/54 [centaur (2)]
  4185 | D:5      | Slain by a centaur

Vault maps used:
D:1:      co_arrival_random_square_maze, minivault_27
D:2:      first_ration, chequers_ecumenical_altar_island, corexii_shack,
          grunt_ministairs_9, patterned_corridor
D:3:      uniq_robin
D:4:      tso_altar
D:5:      grunt_temple_overflow_gold_and_silver, minmay_temple_entry_nine_rooms,
          serial_undead, serial_undead_b, serial_undead_f, serial_undead_b,
          serial_undead_a, uniq_blork_the_orc, uniq_menkaure

Skill      XL: |  1  2  3  4  5  6 |
---------------+-------------------+-----
Fire Magic     | 4 5 6 |  6.7
Conjurations   | 2 3 5 |  5.8
Spellcasting   | 3 |  3.9
Dodging        | |  2.1
Stealth        | |  2.0

Action                   |  1- 3 |  4- 6 |  7- 9 || total
-------------------------+-------+-------+-------++-------
Melee: Short sword       |    35 |   103 |    17 ||   155
       Kick              |     4 |    21 |     2 ||    27
       Peck              |     2 |    15 |     2 ||    19
 Cast: Flame Tongue      |    31 |   119 |    16 ||   166
       Sticky Flame      |       |     1 |     5 ||     6
  Use: Scroll            |       |     5 |       ||     5
       Potion            |       |     1 |     3 ||     4
 Stab: Sleeping          |     5 |     1 |       ||     6
       Distracted        |       |     1 |       ||     1
  Eat: Chunk             |     1 |    10 |     1 ||    12
Armor: Robe              |    10 |    16 |       ||    26
       Animal skin       |       |    17 |     1 ||    18
       Skin              |       |     2 |    17 ||    19
Dodge: Dodged            |    36 |    86 |    18 ||   140

Table legend:
 A = Spawn XP
 B = Non-spawn XP
 C = Spawn XP percentage of total XP
 D = Spawn monster count
 E = Non-spawn monster count
 F = Spawn count percentage of total count
 G = Total turns spent on level
                    A         B        C        D         E        F      G
               +---------+---------+-------+---------+---------+-------+---------
         Total |       0 |     932 |   0.0 |       0 |     130 |   0.0 |  4185
               +---------+---------+-------+---------+---------+-------+---------
           D:1 |       0 |      47 |   0.0 |       0 |      28 |   0.0 |   828
           D:2 |       0 |     135 |   0.0 |       0 |      31 |   0.0 |  1313
           D:3 |       0 |     120 |   0.0 |       0 |      42 |   0.0 |   936
           D:4 |       0 |     181 |   0.0 |       0 |      15 |   0.0 |   751
           D:5 |       0 |     449 |   0.0 |       0 |      14 |   0.0 |   357
               +---------+---------+-------+---------+---------+-------+---------
